AoeStats
← RedPhosphoru

Arabian Desert

509774586Analyzed
1v1 RM · 5d ago on Sep 28, 2026· 28m 11s· 2 players
Game mode
Random Map
Map size
Tiny (2 player)
Population
200
Speed
Normal
Resources
Standard
Victory
Conquest
Starting age
Dark Age
Ending age
Imperial Age
RankedLock teamsTeams togetherTeam positionsShared explorationLock speedFull tech treeHidden civsTurbo modeCheats
Victory
Defeat
🇺🇸 Koreans · United States
2282
+19
🇦🇷 Lithuanians · Argentina
2338
-19
RedPhosphoru
9:21 Feudal Age
8:09 Loom
13:03 Castle Age
XEVER | Rivux
7:04 Loom
10:02 Feudal Age
10:05 Man-at-Arms
10:31 Double-Bit Axe
17:08 Padded Archer Armor
18:51 Fletching
Connection lost

Rejoining the realm…

Still unreachable

The connection could not be restored.

Session expired

The server has moved on; the page needs a fresh start.